TOP OF THE 1ST |
San Antonio Missions batting - Pitching for Harrisburg Senators : RHP Jim Sanders
|
Pitching: RHP Jim Sanders
|
|
Batting: RHB Dave McBain
|
0-0: Called Strike 0-1: SINGLE (Groundball, 6MS, EV 73.1 MPH) (infield hit)
|
Batting: RHB Freddie Brown
|
0-0: Called Strike Dave McBain is caught stealing 2nd base 2-4 0-1: Ground out 6-3 (Groundball, 6, EV 103.8 MPH)
|
Batting: RHB Mike Maserang
|
0-0: Called Strike 0-1: Fly out, F8 (Flyball, 8RD, EV 91.9 MPH)
|
Top of the 1st over - 0 runs, 1 hit, 0 errors, 0 left on base; San Antonio 0 - Harrisburg 0 |
BOTTOM OF THE 1ST |
Harrisburg Senators batting - Pitching for San Antonio Missions : LHP Luis Sanchez
|
Pitching: LHP Luis Sanchez
|
|
Batting: RHB Nate Dickinson
|
0-0: Ball 1-0: Ball 2-0: Ball 3-0: Foul Ball, location: 2F 3-1: Base on Balls
|
Batting: RHB Antonio Laurel
|
0-0: Ball 1-0: Ball 2-0: Foul Ball, location: 2F 2-1: Foul Ball, location: 2F 2-2: Fielders Choice at 2nd, 5-4 (Groundball, 5, EV 87.5 MPH)
|
Batting: RHB Kevin Whitenack
|
0-0: Called Strike 0-1: Foul Ball, location: 2F 0-2: Ball 1-2: Hit by Pitch Antonio Laurel to second
|
Batting: RHB Steve Perez
|
0-0: Called Strike 0-1: Called Strike 0-2: Foul Ball, location: 2F 0-2: Fly out, F8 (Flyball, 8RXD, EV 80.6 MPH) Runner from 2nd tags up, SAFE at 3rd, no throw by CF
|
Batting: RHB Kevin Wick
|
0-0: Ball 1-0: Fielders Choice at 2nd, 6-4 (Groundball, 6, EV 86.2 MPH)
|
Bottom of the 1st over - 0 runs, 0 hits, 0 errors, 2 left on base; San Antonio 0 - Harrisburg 0 |
TOP OF THE 2ND |
San Antonio Missions batting - Pitching for Harrisburg Senators : RHP Jim Sanders
|
Batting: LHB Matt Patnaude
|
0-0: Ball 1-0: Ground out 6-3 (Groundball, 4MS, EV 88.8 MPH)
|
Batting: RHB John Freeman
|
0-0: Ball 1-0: Ball 2-0: Fly out, F7 (Flyball, 7S, EV 90.6 MPH)
|
Batting: RHB Adrian Martinelli
|
0-0: Ball 1-0: Called Strike 1-1: Fly out, F7 (Flyball, 7LS, EV 89.4 MPH)
|
Top of the 2nd over - 0 runs, 0 hits, 0 errors, 0 left on base; San Antonio 0 - Harrisburg 0 |
BOTTOM OF THE 2ND |
Harrisburg Senators batting - Pitching for San Antonio Missions : LHP Luis Sanchez
|
Batting: LHB Evan Oliveri
|
0-0: Called Strike 0-1: Foul Ball, location: 2F 0-2: Strikes out looking
|
Batting: RHB John McNeill
|
0-0: Called Strike 0-1: Ball 1-1: Ball 2-1: Ball 3-1: SINGLE (Groundball, 56D, EV 85.6 MPH) (infield hit)
|
Batting: RHB Victor Cintron
|
0-0: Ball John McNeill steals 2nd base 1-0: Called Strike 1-1: Ground out 4-3 (Groundball, 4S, EV 68.1 MPH) John McNeill to third
|
Batting: LHB Pat Aviles
|
0-0: Called Strike 0-1: Swinging Strike 0-2: Ball 1-2: Ball 2-2: Ball 3-2: Fly out, F8 (Flyball, 89M, EV 91.2 MPH)
|
Bottom of the 2nd over - 0 runs, 1 hit, 0 errors, 1 left on base; San Antonio 0 - Harrisburg 0 |
TOP OF THE 3RD |
San Antonio Missions batting - Pitching for Harrisburg Senators : RHP Jim Sanders
|
Batting: RHB David Aguilar
|
0-0: Called Strike 0-1: Ball 1-1: Ball 2-1: Ball 3-1: Base on Balls
|
Batting: LHB Josh Slusarczyk
|
0-0: Called Strike David Aguilar steals 2nd base (no throw) 0-1: Ball 1-1: Swinging Strike 1-2: Foul Ball, location: 2F 1-2: Foul Ball, location: 2F 1-2: SINGLE (Line Drive, 56D, EV 98.8 MPH) David Aguilar to third
|
Batting: RHB Roberto Monzon
|
0-0: Ball 1-0: Called Strike 1-1: Ball 2-1: Foul Ball, location: 2F 2-2: Strikes out swinging
|
Batting: RHB Dave McBain
|
0-0: Fielders Choice at 2nd, 4-6 (Groundball, 4, EV 96.9 MPH) David Aguilar scores
|
Batting: RHB Freddie Brown
|
0-0: Called Strike Dave McBain is caught stealing 2nd base 2-4
|
Top of the 3rd over - 1 run, 1 hit, 0 errors, 0 left on base; San Antonio 1 - Harrisburg 0 |
BOTTOM OF THE 3RD |
Harrisburg Senators batting - Pitching for San Antonio Missions : LHP Luis Sanchez
|
Batting: RHB Nate Dickinson
|
0-0: Ball 1-0: Swinging Strike 1-1: Ball 2-1: Foul Ball, location: 2F 2-2: Fly out, F8 (Flyball, 89D, EV 91.2 MPH)
|
Batting: RHB Antonio Laurel
|
0-0: Ball 1-0: Foul Ball, location: 2F 1-1: DOUBLE (Line Drive, 7LS, EV 103.1 MPH)
|
Batting: RHB Kevin Whitenack
|
0-0: Ball 1-0: Called Strike 1-1: Foul Ball, location: 2F 1-2: Ball 2-2: Strikes out swinging
|
Batting: RHB Steve Perez
|
0-0: Ground out 5-3 (Groundball, 56, EV 85.0 MPH)
|
Bottom of the 3rd over - 0 runs, 1 hit, 0 errors, 1 left on base; San Antonio 1 - Harrisburg 0 |
TOP OF THE 4TH |
San Antonio Missions batting - Pitching for Harrisburg Senators : RHP Jim Sanders
|
Batting: RHB Freddie Brown
|
0-0: Foul Ball, location: 2F 0-1: Called Strike 0-2: Ball 1-2: Ball 2-2: Ball 3-2: Foul Ball, location: 2F 3-2: Foul Ball, location: 2F 3-2: Base on Balls
|
Batting: RHB Mike Maserang
|
0-0: Called Strike 0-1: Ball 1-1: Called Strike 1-2: Strikes out swinging
|
Batting: LHB Matt Patnaude
|
0-0: Fly out, F9 (Line Drive, 9S, EV 88.1 MPH)
|
Batting: RHB John Freeman
|
0-0: Foul Ball, location: 2F 0-1: Foul Ball, location: 2F 0-2: Strikes out swinging
|
Top of the 4th over - 0 runs, 0 hits, 0 errors, 1 left on base; San Antonio 1 - Harrisburg 0 |
BOTTOM OF THE 4TH |
Harrisburg Senators batting - Pitching for San Antonio Missions : LHP Luis Sanchez
|
Batting: RHB Kevin Wick
|
0-0: Called Strike 0-1: Swinging Strike 0-2: Ball 1-2: Ball 2-2: Strikes out swinging
|
Batting: LHB Evan Oliveri
|
0-0: Ball 1-0: Foul Ball, location: 2F 1-1: Swinging Strike 1-2: Strikes out looking
|
Batting: RHB John McNeill
|
0-0: Called Strike 0-1: Ground out U3 (Groundball, 3, EV 86.9 MPH)
|
Bottom of the 4th over - 0 runs, 0 hits, 0 errors, 0 left on base; San Antonio 1 - Harrisburg 0 |
TOP OF THE 5TH |
San Antonio Missions batting - Pitching for Harrisburg Senators : RHP Jim Sanders
|
Batting: RHB Adrian Martinelli
|
0-0: Ball 1-0: Called Strike 1-1: Foul Ball, location: 2F 1-2: Foul Ball, location: 2F 1-2: Strikes out looking
|
Batting: RHB David Aguilar
|
0-0: Ball 1-0: Reached on error, E5 (Groundball, 56S, EV 88.8 MPH)
|
Batting: LHB Josh Slusarczyk
|
0-0: Foul Ball, location: 2F 0-1: Foul Ball, location: 2F 0-2: Foul Ball, location: 2F 0-2: Foul Ball, location: 2F 0-2: Ball 1-2: Strikes out swinging
|
Batting: RHB Roberto Monzon
|
0-0: TRIPLE (Flyball, 89XD, EV 110.6 MPH) David Aguilar scores
|
Batting: RHB Dave McBain
|
0-0: DOUBLE (Groundball, 5L, EV 101.9 MPH) Roberto Monzon scores
|
Batting: RHB Freddie Brown
|
0-0: Called Strike Dave McBain steals 3rd base 0-1: Ball 1-1: Swinging Strike 1-2: Strikes out swinging
|
Top of the 5th over - 2 runs, 2 hits, 1 error, 1 left on base; San Antonio 3 - Harrisburg 0 |
BOTTOM OF THE 5TH |
Harrisburg Senators batting - Pitching for San Antonio Missions : LHP Luis Sanchez
|
Batting: RHB Victor Cintron
|
0-0: Ball 1-0: DOUBLE (Line Drive, 7LS, EV 115.0 MPH)
|
Batting: LHB Pat Aviles
|
0-0: Ball 1-0: Called Strike 1-1: Called Strike 1-2: Strikes out swinging
|
Batting: RHB Nate Dickinson
|
0-0: Foul Ball, location: 2F 0-1: Foul Ball, location: 2F 0-2: Ball 1-2: Foul Ball, location: 2F 1-2: Ball 2-2: Foul Ball, location: 2F 2-2: Ground out 4-3 (Groundball, 6M, EV 81.2 MPH) Victor Cintron to third
|
Batting: RHB Antonio Laurel
|
0-0: Foul Ball, location: 2F 0-1: Ball 1-1: Ground out 6-3 (Groundball, 56D, EV 101.2 MPH)
|
Bottom of the 5th over - 0 runs, 1 hit, 0 errors, 1 left on base; San Antonio 3 - Harrisburg 0 |
TOP OF THE 6TH |
San Antonio Missions batting - Pitching for Harrisburg Senators : RHP Jim Sanders
|
Batting: RHB Mike Maserang
|
0-0: Ball 1-0: Called Strike 1-1: Foul Ball, location: 2F 1-2: Ball 2-2: SINGLE (Groundball, 6MD, EV 96.2 MPH)
|
Batting: LHB Matt Patnaude
|
0-0: Ball 1-0: Ball 2-0: Ball 3-0: Base on Balls Mike Maserang to second
|
Batting: RHB John Freeman
|
0-0: Ball 1-0: Called Strike 1-1: Swinging Strike 1-2: Strikes out swinging
|
Batting: RHB Adrian Martinelli
|
0-0: Foul Ball, location: 2F 0-1: Grounds into double play, 6-4-3 (Groundball, 6M, EV 88.1 MPH)
|
Top of the 6th over - 0 runs, 1 hit, 0 errors, 1 left on base; San Antonio 3 - Harrisburg 0 |
BOTTOM OF THE 6TH |
Harrisburg Senators batting - Pitching for San Antonio Missions : LHP Luis Sanchez
|
Batting: RHB Kevin Whitenack
|
0-0: DOUBLE (Flyball, 78XD, EV 98.8 MPH)
|
Batting: RHB Steve Perez
|
0-0: Ball 1-0: Ball 2-0: Foul Ball, location: 2F 2-1: Ground out 5-3 (Groundball, 56S, EV 78.1 MPH)
|
Batting: RHB Kevin Wick
|
0-0: Ball 1-0: Ball 2-0: SINGLE (Flyball, 8RS, EV 98.1 MPH) Kevin Whitenack to third
|
Batting: LHB Evan Oliveri
|
0-0: Called Strike 0-1: Ball 1-1: Foul Ball, location: 2F 1-2: Fly out, F8 (Flyball, 8LD, EV 76.2 MPH) Runner from 3rd tags up, SCORES, throw by CF
|
Batting: RHB John McNeill
|
0-0: Called Strike 0-1: Swinging Strike 0-2: Ball 1-2: Foul Ball, location: 2F 1-2: Ball 2-2: Strikes out swinging
|
Bottom of the 6th over - 1 run, 2 hits, 0 errors, 1 left on base; San Antonio 3 - Harrisburg 1 |
TOP OF THE 7TH |
San Antonio Missions batting - Pitching for Harrisburg Senators : RHP Jim Sanders
|
Batting: RHB David Aguilar
|
0-0: Ground out 5-3 (Groundball, 56, EV 90.0 MPH)
|
Batting: LHB Josh Slusarczyk
|
0-0: Swinging Strike 0-1: Foul Ball, location: 2F 0-2: Foul Ball, location: 2F 0-2: Strikes out swinging
|
Batting: RHB Roberto Monzon
|
0-0: Called Strike 0-1: Swinging Strike 0-2: Ball 1-2: Ball 2-2: SINGLE (Line Drive, 8RS, EV 88.1 MPH)
|
Pitching: LHP Kyle Bachman
|
|
Batting: RHB Dave McBain
|
0-0: SINGLE (Groundball, P, EV 98.1 MPH) Roberto Monzon to second Runner from 2nd tries for 3rd, SAFE, throw by CF made to third
|
Batting: RHB Freddie Brown
|
0-0: Swinging Strike 0-1: Called Strike 0-2: Ball 1-2: Strikes out swinging
|
Top of the 7th over - 0 runs, 2 hits, 0 errors, 2 left on base; San Antonio 3 - Harrisburg 1 |
BOTTOM OF THE 7TH |
Harrisburg Senators batting - Pitching for San Antonio Missions : LHP Luis Sanchez
|
Batting: RHB Victor Cintron
|
0-0: Ball 1-0: Ball 2-0: Foul Ball, location: 2F 2-1: Foul Ball, location: 2F 2-2: Ball 3-2: Ground out 1-3 (Groundball, 13, EV 62.5 MPH)
|
Batting: LHB Pat Aviles
|
0-0: Foul Ball, location: 2F 0-1: Called Strike 0-2: Strikes out swinging
|
Batting: RHB Nate Dickinson
|
0-0: Called Strike 0-1: Ground out 6-3 (Groundball, 6, EV 83.8 MPH)
|
Bottom of the 7th over - 0 runs, 0 hits, 0 errors, 0 left on base; San Antonio 3 - Harrisburg 1 |
TOP OF THE 8TH |
San Antonio Missions batting - Pitching for Harrisburg Senators : LHP Kyle Bachman
|
Batting: RHB Mike Maserang
|
0-0: Called Strike 0-1: Called Strike 0-2: Ball 1-2: Strikes out looking
|
Batting: LHB Matt Patnaude
|
0-0: Ball 1-0: Ball 2-0: Swinging Strike 2-1: Foul Ball, location: 2F 2-2: Strikes out swinging, 2-3 out at first.
|
Batting: RHB John Freeman
|
0-0: Called Strike 0-1: Called Strike 0-2: Ball 1-2: Foul Ball, location: 2F 1-2: Ball 2-2: Ground out 2-3 (Groundball, 2L, EV 66.9 MPH)
|
Top of the 8th over - 0 runs, 0 hits, 0 errors, 0 left on base; San Antonio 3 - Harrisburg 1 |
BOTTOM OF THE 8TH |
Harrisburg Senators batting - Pitching for San Antonio Missions : LHP Luis Sanchez
|
Pitching: RHP Ethan Massey
|
|
Batting: RHB Antonio Laurel
|
0-0: Ball 1-0: DOUBLE (Line Drive, 7LM, EV 110.0 MPH)
|
Pitching: RHP Colin Dorsey
|
|
Batting: RHB Kevin Whitenack
|
0-0: Ball 1-0: Foul Ball, location: 2F 1-1: Ball 2-1: Called Strike 2-2: Ball 3-2: Foul Ball, location: 2F 3-2: Foul Ball, location: 2F 3-2: Foul Ball, location: 2F 3-2: Ground out 6-3 (Groundball, 6S, EV 83.1 MPH)
|
Batting: RHB Steve Perez
|
0-0: Ball 1-0: Foul Ball, location: 2F 1-1: Ball 2-1: SINGLE (Groundball, P, EV 87.5 MPH) (infield hit) Antonio Laurel to third
|
Batting: RHB Kevin Wick
|
0-0: Called Strike 0-1: Fly out, F8 (Flyball, 8LD, EV 84.4 MPH) Runner from 3rd tags up, OUT at HOME! 8-2
|
Bottom of the 8th over - 0 runs, 2 hits, 0 errors, 1 left on base; San Antonio 3 - Harrisburg 1 |
TOP OF THE 9TH |
San Antonio Missions batting - Pitching for Harrisburg Senators : LHP Kyle Bachman
|
Pitching: RHP Gareth Cutts
|
|
Batting: RHB Adrian Martinelli
|
0-0: Swinging Strike 0-1: Swinging Strike 0-2: Ball 1-2: Ball 2-2: Ball 3-2: Strikes out looking
|
Batting: RHB David Aguilar
|
0-0: Ball 1-0: Swinging Strike 1-1: Ball 2-1: Swinging Strike 2-2: Foul Ball, location: 2F 2-2: Strikes out swinging
|
Batting: LHB Josh Slusarczyk
|
0-0: Swinging Strike 0-1: Ball 1-1: Foul Ball, location: 2F 1-2: Ball 2-2: Strikes out swinging
|
Top of the 9th over - 0 runs, 0 hits, 0 errors, 0 left on base; San Antonio 3 - Harrisburg 1 |
BOTTOM OF THE 9TH |
Harrisburg Senators batting - Pitching for San Antonio Missions : RHP Colin Dorsey
|
Pitching: LHP Ismael Diaz
|
|
Batting: LHB Evan Oliveri
|
0-0: Ball 1-0: Ball 2-0: Foul Ball, location: 2F 2-1: Called Strike 2-2: Strikes out looking
|
Batting: RHB John McNeill
|
0-0: Ball 1-0: Ball 2-0: Called Strike 2-1: Ball 3-1: Ground out 6-3 (Groundball, 6, EV 85.0 MPH)
|
Batting: RHB Victor Cintron
|
0-0: Called Strike 0-1: Swinging Strike 0-2: Ball 1-2: Strikes out looking
|
Bottom of the 9th over - 0 runs, 0 hits, 0 errors, 0 left on base; San Antonio 3 - Harrisburg 1 |
|